 Dungeon Crawl Stone Soup version 0.31.0-11-ge490571c62 (webtiles) character file.

Game seed: 6904249659910425915

249 Marvel the Cudgeller (level 6, -11/85 HPs)
             Began as a Naga Berserker on Feb 9, 2024.
             Was a Believer of Trog.
             Killed by divine providence
             ... invoked by an orc priest
              (16 damage)
             ... on level 3 of the Dungeon.
             The game lasted 00:05:25 (1581 turns).

Marvel the Cudgeller (Naga Berserker)               Turns: 1581, Time: 00:05:26

Health: -11/85     AC:  4    Str: 21    XL:     6   Next: 12%
Magic:  6/6        EV: 10    Int:  8    God:    Trog [**....]
Gold:   133        SH:  0    Dex: 16    Spells: 5/5 levels left

rFire   . . .        a - +0 mace
rCold   . . .        (no shield)
rNeg    . . .        b - +0 animal skin
rPois   +            c - +1 hat
rElec   .            (no cloak)
rCorr   .            (no gloves)
SInv    +            (no barding)
Will    .....        (no amulet) Stlth
                     j - +6 ring of dexterity
HPRegen 0.34/turn    (no ring)
MPRegen 0.10/turn

%: no passive effects
@: berserking, short of breath, quick
A: AC +2, large, see invisible, deformed body, poison resistance, slowness 2,
spit poison 1, naga tail 1, stinger 1, mutation resistance 1
a: Spit Poison, Renounce Religion, Berserk, Trog's Hand


You were on level 3 of the Dungeon.
You worshipped Trog.
Trog was pleased with you.
You visited 1 branch of the dungeon, and saw 3 of its levels.

You collected 133 gold pieces.

Inventory:

Hand Weapons
 a - a +0 mace (weapon)
 d - a +1 sling of flaming
Armour
 b - a +0 animal skin (worn)
 c - a +1 hat (worn)
Jewellery
 j - a +6 ring of dexterity (left hand)
Scrolls
 e - a scroll of teleportation {unknown}
 f - a scroll of vulnerability {unknown}
 g - 3 scrolls of identify {unknown}
 h - a scroll of amnesia {unknown}
 i - a scroll of immolation {unknown}
 l - a scroll of poison {unknown}
 n - a scroll of silence {unknown}


   Skills:
 + Level 4.0 Fighting
 + Level 5.2 Maces & Flails
 + Level 1.9 Armour
 + Level 2.5 Dodging
 + Level 1.1 Stealth


You had 5 spell levels left.
You didn't know any spells.
Your spell library was empty.

Dungeon Overview and Level Annotations

Branches:
Dungeon (3/15)

Altars:


Innate Abilities, Weirdness & Mutations

Your serpentine skin is tough. (AC +2)
You have supernaturally acute eyesight. (SInv)
Armour fits poorly on your strangely shaped body.
Your system is resistant to poisons. (rPois)
You cover ground very slowly.
You can spit poison.
You have a snake-like lower body.
Your tail ends in a venomous barb.
You are somewhat resistant to further mutation.


Message History

Press: ? - help, Q - select action, (/) - cycle Shift-Dir - straight line, f - orc priest
Aim: an orc priest, wielding a +0 dagger and wearing a +0 leather armour (59% to hit)
The splash of poison misses the orc priest.
The splash of poison hits the orc priest.
The orc priest is poisoned.
The orc priest is moderately wounded.
The orc priest invokes the aid of Beogh against you.
You struggle to resist.
You have got your breath back.
Aiming: Spit Poison (1% risk of failure)
Press: ? - help, Q - select action, (/) - cycle Shift-Dir - straight line, f/p - orc priest
Aim: an orc priest, wielding a +0 dagger and wearing a +0 leather armour (59% to hit)
The splash of poison misses the orc priest.
The orc priest invokes the aid of Beogh against you.
Beogh smites you!
The orc priest looks more healthy.
The orc priest looks satisfied for a moment.
The orc priest calls down the wrath of Beogh upon you.
Beogh smites you!
* * * LOW HITPOINT WARNING * * *
It was a potion of mutation.
You feel extremely strange.
You feel genetically stable.
A venomous barb forms on the end of your tail.
It was a potion of berserk rage.
A red film seems to cover your vision as you go berserk!
You feel yourself moving faster!
You feel mighty!
The orc priest hits you with a +0 dagger.
* * * LOW HITPOINT WARNING * * *
The orc priest mumbles some strange prayers to Beogh against you.
Beogh smites you!
* * * LOW HITPOINT WARNING * * *
You barely miss the orc priest.
The orc priest calls down the wrath of Beogh upon you.
You struggle to resist.
You barely miss the orc priest.
The orc priest hits you with a +0 dagger.
* * * LOW HITPOINT WARNING * * *
The orc priest mumbles some strange prayers to Beogh against you.
Beogh smites you!
You die...

### ##. ... #.. ...
#.# ..# #.# #.# #.#
#.. ######.# #.#..
##.########oo@...#
#.#..#
....).......####.#
#.#..# ##.#####.####
#.# #.#..#
#.#.######.# #.#..#
..#
#.......########.#...
..#
##..###..............
#.##
#.#..........)...##..
. #######...#.##.##..
##.##.##.....


You could see 2 orc priests.

Vanquished Creatures
  Sigmund (D:3)
  4 adders
  A ribbon worm (D:2)
  4 dart slugs
  An orc (D:3)
  4 bats
  7 endoplasms
  A giant cockroach (D:2)
  4 goblins
  A hobgoblin (D:1)
  4 jackals (D:1)
  2 quokkas
  4 ball pythons
  2 frilled lizards (D:1)
  7 kobolds
  8 rats
55 creatures vanquished.

Notes
Turn   | Place    | Note
-------+----------+-------------------------------------------
     0 | D:1      | Marvel the Naga Berserker began the quest for the Orb.
     0 | D:1      | Reached XP level 1. HP: 21/21 MP: 1/1
    72 | D:1      | Reached XP level 2. HP: 27/28 MP: 2/2
   277 | D:1      | Reached XP level 3. HP: 34/34 MP: 3/3
   317 | D:1      | You fall into a shaft and drop 1 floor!
   416 | D:1      | Reached ** piety under Trog
   743 | D:2      | Reached skill level 4 in Maces & Flails
   743 | D:2      | Reached XP level 4. HP: 30/42 MP: 4/4
   995 | D:2      | Found a faded altar of an unknown god.
  1298 | D:3      | Noticed an ice beast
  1357 | D:3      | Noticed Sigmund
  1363 | D:3      | Killed Sigmund
  1364 | D:3      | Reached skill level 5 in Maces & Flails
  1364 | D:3      | Reached skill level 1 in Stealth
  1364 | D:3      | Reached XP level 5. HP: 47/50 MP: 5/5
  1364 | D:3      | Reached XP level 6. HP: 53/57 MP: 6/6
  1578 | D:3      | Gained mutation: You are somewhat resistant to further
                  | mutation. [potion of mutation]
  1578 | D:3      | Gained mutation: Your tail ends in a venomous barb. [potion
                  | of mutation]
  1581 | D:3      | Killed from afar by an orc priest

Illustrated notes

Levels and vault maps discovered:
D:1:      roderic_dead_forest, layout_rooms, nrook_mini_vaults
D:2:      layout_loops_ring, ebering_ecumenical_altar_petrified,
          minmay_pentomino_r4
D:3:      layout_loops_ring, ashenzari_altar_1, minivault_5, uniq_sigmund

Skill      XL: |  1  2  3  4 |
---------------+-------------+-----
Dodging        | 2 |  2.5
Maces & Flails | 4 5 |  5.2
Fighting       | 4 |  4.0
Stealth        | 1 |  1.1
Armour         | |  1.9

Action                     |  1- 3 |  4- 6 || total
---------------------------+-------+-------++-------
  Melee: Mace              |    41 |    43 ||    84
Ability: Spit Poison       |    22 |    28 ||    50
    Use: Potion            |       |     2 ||     2
 Armour: Animal skin       |    29 |    24 ||    53
  Dodge: Dodged            |    27 |    29 ||    56
